 Dungeon Crawl Stone Soup version 0.29-a0-1052-g6990b1bffc (webtiles) character file.

Game seed: 11942072552861355469

2 ragingrage the Sneak (level 1, -6/19 HPs)
             Began as a Minotaur Delver on Aug 17, 2022.
             Mangled by an iguana (14 damage)
             ... on level 5 of the Dungeon.
             The game lasted 00:00:47 (252 turns).

ragingrage the Sneak (Minotaur Delver)               Turns: 252, Time: 00:00:48

Health: -6/19      AC:  3    Str: 16    XL:     1   Next: 25%
Magic:  0/0        EV: 11    Int:  7    God:
Gold:   0          SH:  0    Dex: 11    Spells: 0/0 levels left

rFire   . . .      SeeInvis .   a - +0 hand axe
rCold   . . .      Faith    .   (no shield)
rNeg    . . .      Spirit   .   b - +0 leather armour
rPois   .          Reflect  .   (helmet restricted)
rElec   .          Harm     .   (no cloak)
rCorr   .          Rampage  .   (no gloves)
Will    .....                   (no boots)
Stlth   ++........              (no amulet)
HPRegen 0.06/turn               (no ring)
MPRegen 0.07/turn               (no ring)

@: no status effects
A: horns 2, retaliatory headbutt
a: no special abilities


You were on level 5 of the Dungeon.
You visited 1 branch of the dungeon, and saw 2 of its levels.

Inventory:

Hand Weapons
 a - a +0 hand axe (weapon)
Armour
 b - a +0 leather armour (worn)
Wands
 g - a wand of digging (3)
Scrolls
 c - a scroll of fog
 d - a scroll of magic mapping
 e - a scroll of fear
Potions
 f - a potion of haste


   Skills:
 - Level 3.6 Fighting
 + Level 2.7 Axes
 - Level 2.1 Dodging
 - Level 4.1 Stealth


You couldn't memorise any spells.
You didn't know any spells.
Your spell library was empty.

Dungeon Overview and Level Annotations

Branches:
Dungeon (6/15)
 Temple: D:4-7

Altars:

Shops:
D:6 =


Innate Abilities, Weirdness & Mutations

You have a pair of horns on your head.
You reflexively headbutt those who attack you in melee.


Message History

The orc closely misses you. The orc barely misses you.
You closely miss the orc.
The orc is heavily wounded.
The orc hits you with a +0 hand axe.
You hit the orc but do no damage.
The orc is heavily wounded.
The orc hits you with a +0 hand axe.
You hit the orc but do no damage.
The orc is heavily wounded.
The orc hits you with a +0 hand axe.
You hit the orc.
You kill the orc!
Found 12 gold pieces.
Things that are here:
a +0 hand axe; a +0 chain mail; an orc corpse You start resting.
HP restored.
Things that are here:
a +0 hand axe; a +0 chain mail; an orc corpse An iguana comes into view.
Found Vuog's Jewellery Shoppe.
The iguana hisses angrily.
An iguana is nearby!
Unknown command.
There is a stone staircase leading up here.
Unknown command.
You climb upwards.
The iguana misses you. The iguana bites you!
There is a stone staircase leading down here.
Unknown command.
You hit the iguana but do no damage. You headbutt the iguana.
The iguana is moderately wounded.
The iguana bites you.
You hit the iguana.
The iguana is moderately wounded.
The iguana bites you.
You hit the iguana but do no damage. You headbutt the iguana!
The iguana is almost dead.
The iguana bites you!
Ouch! That really hurt!
You die...

..# .....#...#..
##.###....#...#.. ♣
♣##........... .?.l
#.##.......#.... ....
....##...###[# ....
#.!........####....
#.#####...............#
#.....@l..............#
##..#..##..........#..#
#.....###......#...# ..
#..... #...[..>#...# ..
#..................#.#
......................#.
#...$............#......
##.............#.#..#...
...#...#........


You could see an iguana.

Vanquished Creatures
  An orc (D:6)
1 creature vanquished.

Notes
Turn   | Place    | Note
-------+----------+-------------------------------------------
     0 | D:5      | ragingrage the Minotaur Delver began the quest for the Orb.
     0 | D:5      | Reached XP level 1. HP: 19/19 MP: 0/0
     3 | D:5      | Noticed an iguana
     8 | D:6      | Noticed an ogre
    15 | D:5      | Noticed an iguana
   239 | D:6      | Found Vuog's Jewellery Shoppe.
   239 | D:6      | Noticed an iguana
   252 | D:5      | Mangled by an iguana

Illustrated notes

Levels and vault maps discovered:
D:5:      layout_cave_pools, kennysheep_mini, kennysheep_little_box,
          mainiacjoe_overflow_six_doors_small, nicolae_elyvilon_temple_path,
          serial_bayou_pond_a, uniq_blork_the_orc
D:6:      layout_rooms, regret_index_temple_of_mockery,
          mainiacjoe_overflow_catch_the_wave, serial_shops, shop,
          kennysheep_another_room

Action                   || total
-------------------------++-------
Melee: Hand axe          ||     8
       Headbutt          ||     2
 Stab: Sleeping          ||     1
Dodge: Dodged            ||     3

Table legend: (Time is in decaauts)
 A = Elapsed time spent in this place.
 B = Non-inter-level travel time spent in this place.
 C = Inter-level travel time spent in this place.
 D = Time resting spent in this place.
 E = Time spent auto-exploring this place.
 F = Levels seen in this place.
 G = Mean time per level.
                   A        B        C        D        E       F      G
               +--------+--------+--------+--------+--------+-----+--------+
         Total |    253 |    253 |      0 |    195 |     12 |   2 |  126.5 |
       Dungeon |    253 |    253 |      0 |    195 |     12 |   2 |  126.5 |
               +--------+--------+--------+--------+--------+-----+--------+

Top non-repeatable levels by time:
     D:6: 222 daAuts
     D:5: 31 daAuts
